 Dungeon Crawl Stone Soup version 0.27-a0-1051-g288ea87c7c (webtiles) character file.

Game seed: 392228608515749219

66588 robertstho the Impaler (level 14, -4/137 HPs)
             Began as a Minotaur Berserker on Apr 20, 2021.
             Was a High Priest of Trog.
             Slain by a hell knight
             ... wielding a +0 vorpal demon trident
              (5 damage)
             ... on level 13 of the Dungeon.
             The game lasted 00:40:27 (21975 turns).

robertstho the Impaler (Minotaur Berserker)        Turns: 21975, Time: 00:40:28

Health: -4/137     AC: 33    Str: 33    XL:     14   Next: 79%
Magic:  13/13      EV: 12    Int:  5    God:    Trog [*****.]
Gold:   1130       SH:  0    Dex: 11    Spells: 13/13 levels left

rFire    . . .     SeeInvis .   h - +2 glaive (drain)
rCold    x . .     Faith    .   (shield currently unavailable)
rNeg     + + +     Spirit   .   Q - +6 chain mail of the Turtle {rC- rN+++ Will- Str+8}
rPois    .         Reflect  .   S - +1 hat
rElec    .         Harm     .   f - +1 cloak
rCorr    .         Rampage  .   s - +0 pair of gloves
Will     .....                  L - +2 pair of boots
Stlth    ..........             (no amulet)
HPRegen  0.32/turn              I - +4 ring of protection
MPRegen  0.13/turn              q - +4 ring of protection

@: corroded, on berserk cooldown, slowed, very slow
A: horns 2, retaliatory headbutt, deterioration 1
a: Renounce Religion, Berserk, Trog's Hand, Brothers in Arms


You were on level 13 of the Dungeon.
You worshipped Trog.
Trog was extremely pleased with you.
You visited 3 branches of the dungeon, and saw 18 of its levels.
You visited the Abyss 1 time.
You also visited: Gauntlet.

You collected 2087 gold pieces.
You spent 957 gold pieces at shops.

Inventory:

Hand Weapons
 a - the +10 trident "Baqoa" {drain, rC+ rN++}
   (You took it off a minotaur in a Gauntlet)

   A truly terrible weapon, it drains the life of those it strikes.
   It protects you from cold.
   It greatly protects you from negative energy.
 h - a +2 glaive of draining (weapon)
 z - the +4 trident of Atesaaff {vorpal, rCorr Int+4}
   (You found it in a Gauntlet)

   It inflicts extra damage upon your enemies.
   It affects your intelligence (+4).
   It protects you from acid and corrosion.
 C - a +0 glaive of flaming
 R - a +8 antimagic halberd
Missiles
 d - 7 curare-tipped darts
Armour
 f - a +1 cloak (worn)
 i - +0 swamp dragon scales
 s - a +0 pair of gloves (worn)
 F - +2 fire dragon scales
 L - a +2 pair of boots (worn)
 Q - the +6 chain mail of the Turtle (worn) {rC- rN+++ Will- Str+8}
   (You bought it in a shop on level 6 of the Dungeon)

   It affects your strength (+8).
   It makes you vulnerable to cold.
   It renders you almost immune to negative energy.
   It decreases your willpower.
 S - a +1 hat (worn)
 T - a +0 kite shield of fire resistance
Jewellery
 l - a ring of protection from cold
 q - a +4 ring of protection (right hand)
 x - a ring of positive energy
 B - a ring of willpower
 D - a +4 ring of evasion
 I - a +4 ring of protection (left hand)
 P - a ring of ice
Wands
 y - a wand of iceblast (30)
 A - a wand of mindburst (5)
Scrolls
 e - 2 scrolls of immolation
 m - 2 scrolls of blinking
 p - 3 scrolls of enchant weapon
 t - a scroll of fog
 u - 2 scrolls of holy word
 v - 2 scrolls of magic mapping
 w - a scroll of brand weapon
 E - 3 scrolls of acquirement {unknown}
 H - 5 scrolls of teleportation
 J - 4 scrolls of identify
Potions
 b - 7 potions of curing
 c - 3 potions of attraction
 g - a potion of haste
 j - a potion of flight
 n - 4 potions of mutation
 o - a potion of resistance {unknown}
 r - 4 potions of lignification
 K - a potion of magic
 N - a potion of might
Miscellaneous
 k - a phantom mirror


   Skills:
 * Level 16.2 Fighting
 + Level 18.2 Polearms
 * Level 16.5 Armour
 + Level 7.1 Dodging
 + Level 0.6 Unarmed Combat


You had 13 spell levels left.
You didn't know any spells.
Your spell library was empty.

Dungeon Overview and Level Annotations

Branches:
Dungeon (13/15)            Temple (0/1) D:7            Lair (3/6) D:9
  Swamp (0/4) Lair:2       Spider (0/4) Lair:2          Orc (2/2) D:12
    Elf (0/3) Orc:2        Vaults (0/5) D:13        Gauntlet (visited)

Altars:
Elyvilon
Fedhas
Gozag
Makhleb
Qazlal
Ru
Sif Muna
Vehumet
Wu Jian
Xom
The Shining One

Shops:
D:4 !(   D:6 [?   D:11 [   Orc:2 (*((

Annotations:
D:4 1482 axe


Innate Abilities, Weirdness & Mutations

You have a pair of horns on your head.
You reflexively headbutt those who attack you in melee.
Your body sometimes deteriorates upon taking damage.


Message History

You miss something.
The hell knight gestures wildly while chanting.
The hell knight seems to speed up.
You barely miss something. You headbutt something!
You feel sick. Something hits you but does no damage.
The hell knight hits you from afar with a +0 vorpal demon trident!
You closely miss something. You barely miss something. You headbutt something!
You feel sick.
The hell knight hits you from afar with a +0 vorpal demon trident.
Something hits you but does no damage.
You slice something!! Trog accepts your kill.
Trog appreciates your killing of a magic user.
Reactivating autopickup.
You feel a bit more experienced.
A wizard simulacrum comes into view.
You feel sick.
The hell knight hits you from afar with a +0 vorpal demon trident!!
* * * LOW HITPOINT WARNING * * *
The wizard shouts!
The hell knight hits you with a +0 vorpal demon trident.
* * * LOW HITPOINT WARNING * * *
x2
Things that are here:
a +0 dagger; a +0 robe; a scroll of teleportation You hit the hell knight.
You drain the hell knight. Your headbutt misses the hell knight.
The hell knight is lightly wounded.
You are no longer berserk.
You are exhausted.
You feel yourself slow down.
You feel sick.
You are no longer poisoned.
Your troll goes berserk!
The hell knight hits you but does no damage.
The hell knight hits you with a +0 vorpal demon trident!
* * * LOW HITPOINT WARNING * * *
x2 The wizard simulacrum hits you but does no damage.
Unknown command.
The hell knight hits you with a +0 vorpal demon trident!
* * * LOW HITPOINT WARNING * * *
You die...

##...#.#.###..#.#.##..
##..###.#.#.##.#.##.. ##
##..##.#.#.##.#.##.. §..
##....#.#.##.#.##.. ..§§
#....#'#.##.#.##..
§≈§§.####(......##.#.##..
.§§§...###.....###.#.##..
.p≈....)##.....# #.#.##..
..≈...Zp@')...####.#.##..
.≈≈..T.###....#..#.#.##^.
≈≈§..## ##....#..#.#.####
....# ##.....#..#.#.##..
.... ##......#..#.#.##..
'## ##.......#..#.#.##..
##...#'####..#)#.###.
###..###'#..#..'.#.###.
#...........##.#.#.##..


You could see a hell knight (fast, drained), a wizard, a wizard simulacrum (ally
target) and a friendly troll (summoned, berserk).

Vanquished Creatures
  A tentacled starspawn (Abyss:2)
  An orc warlord (Orc:2)
  A cacodemon (Gauntlet)
  A minotaur (Gauntlet)
  A great orb of eyes (D:13)
  A fire dragon (D:9)
  4 hydras
  2 ogre magi (Orc:2)
  2 centaur warriors (D:13)
  10 two-headed ogres
  A death scarab (Gauntlet)
  Erica (D:8)
  3 hell knights (D:13)
  Nergalle (Lair:3)
  A wretched star (Abyss:2)
  2 deep trolls (Orc:2)
  Pikel (D:5)
  3 wizards (D:13)
  2 deep elf zephyrmancers (Orc:1)
  6 necromancers (D:13)
  An orc knight (Orc:1)
  2 orc sorcerers
  3 cyclopes
  7 slime creatures
  An ugly thing (D:12)
  2 oklob plants (Lair:3)
  2 manticores
  Maurice (D:8)
  2 rust devils (D:13)
  2 black mambas (Lair:2)
  An apocalypse crab (Abyss:2)
  A kobold demonologist (D:9)
  5 cane toads
  An orange demon (D:13)
  Maggie (D:8)
  A gargoyle (D:11)
  A torpor snail (Lair:3)
  2 rime drakes
  Psyche (D:8)
  6 komodo dragons
  An ancient zyme (Abyss:2)
  A tyrant leech (Lair:2)
  2 polar bears
  13 trolls
  4 jumping spiders (Lair:2)
  Prince Ribbit (D:8)
  A harpy skeleton (Abyss:2)
  9 flying skulls
  A shadow (D:8)
  2 vampires (D:13)
  3 wraiths
  2 redbacks (Lair:2)
  A ynoxinul (Abyss:2)
  27 yaks
  A wyvern (Lair:3)
  A steam dragon (D:6)
  2 basilisks
  3 neqoxecs
  2 vampire mosquitoes (D:11)
  16 humans (D:13)
  A swamp worm (Lair:2)
  A spectral cane toad (Gauntlet)
  2 acid dragons
  8 water moccasins
  Duvessa (D:5)
  7 hell hounds (D:13)
  15 orc warriors
  A swamp drake (Orc:1)
  An ice beast (D:5)
  6 centaurs
  2 necrophages (D:7)
  A wolf (Lair:2)
  15 ogres
  A kobold brigand (D:8)
  10 bullfrogs
  3 gnoll sergeants
  A small abomination (Abyss:2)
  Dowan (D:5)
  3 scorpions
  8 wights
  4 killer bees (D:8)
  An electric eel (D:7)
  A crimson imp (Orc:1)
  A bullfrog zombie (D:6)
  4 centaur zombies
  10 orc priests
  2 hounds
  2 jellies
  An iron imp (Orc:1)
  A bullfrog skeleton (D:5)
  5 iguanas
  21 orc wizards
  A killer bee zombie (D:5)
  A howler monkey zombie (D:8)
  11 gnolls
  3 adders
  3 shadow imps
  A white imp (Orc:1)
  2 ufetubi
  An adder skeleton (D:2)
  A worm (D:2)
  2 dart slugs
  51 orcs
  5 bats
  8 endoplasms
  3 giant cockroaches
  12 goblins
  10 hobgoblins
  2 jackals (D:1)
  10 kobolds
  2 quokkas
  7 ball pythons
  5 frilled lizards
  5 rats
  2 starspawn tentacles (Abyss:2)
470 creatures vanquished.

Vanquished Creatures (collateral kills)
  2 two-headed ogres (Orc:2)
  Urug (Orc:2)
  Sonja (Orc:2)
  A troll (Orc:2)
  4 ogres (Orc:2)
  An orc (Orc:2)
10 creatures vanquished.

Vanquished Creatures (others)
  A warg (Orc:2)
  An orc warrior (Orc:2)
  An ogre (Orc:2)
  3 orc wizards
  2 orcs
  11 fungi
  8 plants
27 creatures vanquished.

Grand Total: 507 creatures vanquished

Notes
Turn   | Place    | Note
-------+----------+-------------------------------------------
     0 | D:1      | robertstho the Minotaur Berserker began the quest for the
                  | Orb.
     0 | D:1      | Reached XP level 1. HP: 19/19 MP: 0/0
   355 | D:1      | Reached XP level 2. HP: 27/27 MP: 1/1
   617 | D:1      | Reached skill level 4 in Polearms
   777 | D:1      | Reached XP level 3. HP: 34/34 MP: 2/2
  1323 | D:2      | Reached ** piety under Trog
  1451 | D:2      | Found a glowing golden altar of the Shining One.
  1515 | D:2      | Reached XP level 4. HP: 32/41 MP: 3/3
  1756 | D:2      | Reached skill level 5 in Fighting
  2765 | D:3      | Found a shimmering altar of Xom.
  2854 | D:3      | Reached XP level 5. HP: 43/48 MP: 4/4
  2896 | D:3      | Found a glowing golden altar of the Shining One.
  3146 | D:4      | Reached *** piety under Trog
  3147 | D:4      | Reached skill level 5 in Polearms
  3391 | D:4      | Found Moaxkaci's Distillery.
  3399 | D:4      | Bought a potion of curing for 42 gold pieces
  3399 | D:4      | Bought a potion of degeneration for 14 gold pieces
  3399 | D:4      | Bought a potion of flight for 42 gold pieces
  3495 | D:4      | Identified the +1 robe "Weadipo" {+Blink Will- Str+4}
  3678 | D:4      | Found Jipnem's Antique Weapon Shop.
  3695 | D:4      | Reached XP level 6. HP: 36/57 MP: 5/5
  3944 | D:5      | Entered Level 5 of the Dungeon
  3957 | D:5      | Noticed Pikel
  3976 | D:5      | Killed Pikel
  3977 | D:5      | Reached skill level 6 in Polearms
  3977 | D:5      | Reached XP level 7. HP: 12/64 MP: 6/6
  4304 | D:5      | Found a stormy altar of Qazlal.
  4306 | D:5      | Found a blossoming altar of Fedhas.
  4403 | D:5      | Noticed Dowan
  4403 | D:5      | Noticed Duvessa
  4411 | D:5      | Killed Duvessa
  4417 | D:5      | Killed Dowan
  4477 | D:5      | Reached XP level 8. HP: 58/71 MP: 7/7
  4849 | D:5      | Reached skill level 7 in Polearms
  5289 | D:6      | Found a white marble altar of Elyvilon.
  5377 | D:6      | Found Axoggu's Magic Scroll Shoppe.
  5462 | D:6      | Bought a scroll of fog for 20 gold pieces
  5462 | D:6      | Bought a scroll of holy word for 75 gold pieces
  5462 | D:6      | Bought a scroll of magic mapping for 35 gold pieces
  5462 | D:6      | Bought a scroll of identify for 20 gold pieces
  5577 | D:6      | Found an ornate altar of the Wu Jian Council.
  5834 | D:6      | Found Pariahub's Antique Armour Boutique.
  6126 | D:7      | Noticed a two-headed ogre
  6134 | D:7      | Killed a two-headed ogre
  6134 | D:7      | Reached **** piety under Trog
  6135 | D:7      | Reached skill level 8 in Polearms
  6135 | D:7      | Reached skill level 10 in Armour
  6135 | D:7      | Reached XP level 9. HP: 81/81 MP: 8/8
  6256 | D:7      | Found a staircase to the Ecumenical Temple.
  6701 | D:6      | Bought a scroll of blinking for 75 gold pieces
  6791 | D:8      | Reached skill level 9 in Polearms
  7223 | D:8      | Noticed Erica
  7236 | D:8      | Killed Erica
  7237 | D:8      | Reached XP level 10. HP: 91/91 MP: 9/9
  7398 | D:8      | Noticed Psyche
  7404 | D:8      | Killed Psyche
  7561 | D:8      | Noticed Maggie
  7572 | D:8      | Killed Maggie
  7573 | D:8      | Reached skill level 10 in Polearms
  7656 | D:8      | Noticed Maurice
  7661 | D:8      | Reached ***** piety under Trog
  7677 | D:8      | Killed Maurice
  7799 | D:8      | Noticed Prince Ribbit
  7829 | D:8      | Killed Prince Ribbit
  7830 | D:8      | Reached skill level 10 in Fighting
  8022 | D:6      | Bought 3 scrolls of identify for 60 gold pieces
  8129 | D:9      | Found a staircase to the Lair.
  8133 | D:9      | Noticed a fire dragon
  8146 | D:9      | Killed a fire dragon
  8200 | D:9      | Noticed a sixfirhy
  8221 | D:9      | Reached skill level 11 in Polearms
  8789 | D:10     | Entered Level 10 of the Dungeon
  8865 | D:6      | Bought a scroll of identify for 20 gold pieces
  8865 | D:6      | Bought a scroll of identify for 20 gold pieces
  8865 | D:6      | Bought 2 scrolls of teleportation for 60 gold pieces
  9160 | D:10     | Found a burning altar of Makhleb.
  9199 | D:10     | Found a sacrificial altar of Ru.
  9209 | D:10     | Found a radiant altar of Vehumet.
  9213 | D:10     | Found an opulent altar of Gozag.
  9362 | D:10     | Noticed a two-headed ogre
  9364 | D:10     | Killed a two-headed ogre
  9365 | D:10     | Reached XP level 11. HP: 94/101 MP: 10/10
  9823 | D:11     | Found Qoazepra's Armour Shoppe.
 10655 | D:11     | Noticed a two-headed ogre
 10662 | D:11     | Killed a two-headed ogre
 10663 | D:11     | Reached skill level 12 in Polearms
 10944 | D:12     | Reached skill level 5 in Dodging
 11539 | D:6      | Bought a scroll of summoning for 95 gold pieces
 11539 | D:6      | Bought a scroll of teleportation for 30 gold pieces
 11622 | Lair:1   | Entered Level 1 of the Lair of Beasts
 11804 | Lair:1   | Reached skill level 13 in Polearms
 12013 | Lair:1   | Noticed a six-headed hydra
 12021 | Lair:1   | Killed a six-headed hydra
 12124 | Lair:1   | Noticed a four-headed hydra
 12131 | Lair:1   | Killed a four-headed hydra
 12132 | Lair:1   | Reached XP level 12. HP: 113/113 MP: 11/11
 13028 | Lair:2   | Received a gift from Trog
 13273 | Lair:2   | Noticed an eight-headed hydra
 13278 | Lair:2   | Noticed a seven-headed hydra
 13293 | Lair:2   | Killed a seven-headed hydra
 13294 | Lair:2   | Reached skill level 14 in Polearms
 13434 | Lair:2   | Found a hole to the Spider Nest.
 14131 | Lair:2   | Noticed a five-headed hydra
 14145 | Lair:2   | Killed a five-headed hydra
 14407 | Lair:2   | Found a staircase to the Swamp.
 14595 | Lair:3   | Noticed Nergalle
 14610 | Lair:3   | Killed Nergalle
 14930 | Lair:3   | Reached skill level 15 in Polearms
 15126 | D:6      | Bought a bronze chain mail for 304 gold pieces
 15126 | D:6      | Identified the +6 chain mail of the Turtle {rC- rN+++ Will-
                  | Str+8} (You bought it in a shop on level 6 of the Dungeon)
 15439 | D:12     | Reached XP level 13. HP: 116/123 MP: 12/12
 15818 | D:12     | Received a gift from Trog
 16190 | D:12     | Found a staircase to the Orcish Mines.
 16289 | Orc:1    | Entered Level 1 of the Orcish Mines
 17185 | Orc:2    | Entered Level 2 of the Orcish Mines
 17194 | Orc:2    | Noticed Urug
 17209 | Orc:2    | Noticed Sonja
 17222 | Orc:2    | Noticed an orc warlord
 17223 | Orc:2    | Found Amyta's Weapon Shop.
 17223 | Orc:2    | Found Uhoumm's General Store.
 17229 | Orc:2    | Found Ituhi's Weapon Boutique.
 17231 | Orc:2    | Found Wekehapt's Weapon Boutique.
 17244 | Orc:2    | Found a gate leading to a gauntlet.
 17249 | Orc:2    | Killed Sonja
 17253 | Gauntlet | Entered a Gauntlet
 17253 | Gauntlet | Found a transporter.
 17253 | Gauntlet | Found a transporter.
 17584 | Gauntlet | Found a transporter.
 17587 | Gauntlet | Found a transporter.
 17588 | Gauntlet | Found a transporter.
 17597 | Gauntlet | Found a transporter.
 17601 | Gauntlet | Found a transporter.
 17603 | Gauntlet | Noticed a cacodemon
 17611 | Gauntlet | Found a transporter.
 17611 | Gauntlet | Noticed an entropy weaver
 17703 | Gauntlet | Found a transporter.
 17713 | Gauntlet | Found a transporter.
 17717 | Gauntlet | Found a transporter.
 17727 | Gauntlet | Found a transporter.
 17805 | Gauntlet | Reached skill level 15 in Armour
 17951 | Gauntlet | Reached skill level 16 in Polearms
 18002 | Gauntlet | Gained mutation: Your body sometimes deteriorates upon
                  | taking damage. [a neqoxec]
 18013 | Gauntlet | Killed a cacodemon
 18072 | Gauntlet | Identified the +10 trident "Baqoa" {drain, rC+ rN++}
 18072 | Gauntlet | Identified the +1 hand crossbow "Peseful" {venom, rPois}
 18072 | Gauntlet | Noticed a minotaur
 18083 | Gauntlet | Killed a minotaur
 18095 | Gauntlet | Identified Sif Muna's Papyrus of Weightlessness and the
                  | Traveller
 18095 | Gauntlet | Identified the +5 buckler of the Furies {Harm +Blink rF-}
 18099 | Gauntlet | Identified the +4 trident of Atesaaff {vorpal, rCorr Int+4}
 18174 | Orc:2    | Killed Urug
 18660 | Orc:2    | Reached skill level 15 in Fighting
 18680 | Orc:2    | Reached XP level 14. HP: 80/135 MP: 13/13
 18690 | Orc:2    | Killed an orc warlord
 18691 | Orc:2    | Reached skill level 17 in Polearms
 18694 | Orc:2    | Paralysed by an ogre mage for 2 turns
 18701 | Orc:2    | Reached ****** piety under Trog
 18702 | Orc:2    | Received a gift from Trog
 19184 | Orc:2    | Bought a scroll of immolation for 45 gold pieces
 19327 | Orc:2    | Found a staircase to the Elven Halls.
 20007 | D:13     | Cast into level 2 of the Abyss (a wizard)
 20097 | Abyss:2  | Noticed a tentacled starspawn
 20106 | Abyss:2  | Killed a tentacled starspawn
 20238 | D:13     | Escaped the Abyss
 20257 | D:13     | Lost intelligence.
 20685 | D:13     | Found a shimmering blue altar of Sif Muna.
 21400 | D:13     | Found a runed translucent door.
 21743 | D:13     | Received a gift from Trog
 21744 | D:13     | Reached skill level 18 in Polearms
 21762 | D:13     | Found a gate to the Vaults.
 21975 | D:13     | HP: 1/137 [hell knight/+0 vorpal demon trident (16)]
 21975 | D:13     | Slain by a hell knight

Illustrated notes

Levels and vault maps discovered:
D:1:      amcnicky_arrival_blooded_trapdoor, layout_basic, roderic_lattice_a
D:2:      layout_rooms, basic_altar, hangedman_decor_clover_reticule,
          minmay_surrounded
D:3:      layout_loops_ring, lemuel_doored_altar,
          nicolae_tso_swordbearing_angel, minivault_25
D:4:      layout_gridville, serial_shops, shop, kennysheep_mini_moat,
          chequers_serial_rivers_small_3
D:5:      layout_basic, grunt_temple_overflow_forces_of_nature, uniq_duvessa,
          uniq_pikel
D:6:      layout_loops_cross, nicolae_elyvilon_peaceful_grove,
          nzn_wu_jian_contemplation, serial_shops, nicolae_shop_statue_plus,
          nicolae_shop_window_shopping, kennysheep_generic_room_2
D:7:      layout_rooms, minmay_temple_entry_junction, minivault_11,
          abandoned_shop, hangedman_decor_growths, serial_bayou_ford_a
D:8:      layout_rooms, uniq_erica, uniq_prince_ribbit1, uniq_maurice,
          uniq_maggie, uniq_psyche
D:9:      layout_rooms, minmay_lair_entry_lava
D:10:     layout_roguey, nicolae_overflow_hidden_temple, bloody_makhleb,
          serial_aquarium, aquarium_bridge_straight [aquarium_subvault_bridge,
          aquarium_subvault_balcony, aquarium_subvault_bridge,
          aquarium_subvault_wall], aquarium_bridge_square
          [aquarium_subvault_window, aquarium_subvault_window,
          aquarium_subvault_bridge, aquarium_subvault_bridge],
          aquarium_window_fake, aquarium_window_1, aquarium_window_fake,
          aquarium_window_1, aquarium_view_2a, aquarium_pool_corner
D:11:     layout_loops_ring, serial_shops, shop
D:12:     layout_basic, david_orc_4
D:13:     mludivico_vault, layout_stronghold, grunt_vaults_entry_tiered,
          nicolae_sif_muna_little_library
Lair:1:   layout_big_grid, grunt_megastairs_4
Lair:2:   layout_chaotic_city, palyth_hydra_swamp_entry,
          nicolae_spider_entry_tight_spaces, nzn_random_ring
Lair:3:   layout_regular_city, minivault_23, minmay_lair_oklob_chamber,
          uniq_fannar, uniq_nergalle
Orc:1:    layout_caves, hangedman_minor_magic
Orc:2:    st_orc_open, layout_caves, gauntlet_entry_generic, uniq_urug,
          uniq_sonja

Skill      XL: |  1  2  3  4  5  6  7  8  9 10 11 12 13 14 |
---------------+-------------------------------------------+-----
Fighting       | 4 5 6 8 9 10 12 13 15 16 | 16.2
Polearms       | 4 5 6 8 9 11 13 15 16 18 | 18.2
Armour         | 3 4 6 7 10 12 13 14 15 16 | 16.5
Dodging        | 3 4 5 6 7 |  7.1
Unarmed Combat | |  0.6

Action                   |  1- 3 |  4- 6 |  7- 9 | 10-12 | 13-15 || total
-------------------------+-------+-------+-------+-------+-------++-------
Melee: Spear             |    88 |   162 |   255 |    35 |       ||   540
       Headbutt          |    11 |    20 |    49 |   108 |   104 ||   292
       Halberd           |       |       |    21 |    41 |       ||    62
       Glaive            |       |       |       |   440 |   497 ||   937
       Unarmed           |       |       |       |     9 |       ||     9
Invok: Berserk           |       |     3 |     8 |    12 |    13 ||    36
       Trog's Hand       |       |     1 |       |       |     1 ||     2
       Brothers in Arms  |       |       |       |       |     2 ||     2
  Use: Scroll            |     1 |     5 |     2 |     7 |    10 ||    25
       Potion            |       |     2 |       |       |     9 ||    11
 Stab: Distracted        |     1 |       |       |       |     1 ||     2
       Sleeping          |     1 |       |       |       |       ||     1
Armor: Animal skin       |    14 |     1 |       |       |       ||    15
       Chain mail        |       |    89 |   118 |    12 |   348 ||   567
       Ring mail         |       |     7 |       |       |       ||     7
       Swamp dragon scal |       |       |       |   260 |       ||   260
       Plate armour      |       |       |       |     7 |       ||     7
       Skin              |       |       |       |     2 |       ||     2
Dodge: Dodged            |    25 |    45 |    89 |   316 |   270 ||   745

Table legend: (Time is in decaauts)
 A = Elapsed time spent in this place.
 B = Non-inter-level travel time spent in this place.
 C = Inter-level travel time spent in this place.
 D = Time resting spent in this place.
 E = Time spent auto-exploring this place.
 F = Levels seen in this place.
 G = Mean time per level.
                   A        B        C        D        E       F      G
               +--------+--------+--------+--------+--------+-----+--------+
         Total |  22112 |  20477 |   1635 |   3103 |  14357 |  20 | 1105.6 |
       Dungeon |  14947 |  13560 |   1387 |   1445 |  10316 |  13 | 1149.8 |
          Lair |   3510 |   3358 |    152 |    655 |   2239 |   3 | 1170.0 |
  Orcish Mines |   2501 |   2405 |     96 |    809 |   1143 |   2 | 1250.5 |
         Abyss |    224 |    224 |      0 |      0 |    147 |   1 |  224.0 |
      Gauntlet |    929 |    929 |      0 |    193 |    511 |   1 |  929.0 |
               +--------+--------+--------+--------+--------+-----+--------+

Top non-repeatable levels by time:
    D:13: 2003 daAuts
   Orc:1: 1737 daAuts
  Lair:1: 1539 daAuts
  Lair:2: 1496 daAuts
     D:6: 1468 daAuts
     D:1: 1451 daAuts
    D:12: 1413 daAuts
    D:11: 1238 daAuts
     D:5: 1154 daAuts
     D:7: 1090 daAuts
     D:8: 986 daAuts
Gauntlet: 929 daAuts
    D:10: 886 daAuts
     D:4: 874 daAuts
     D:2: 838 daAuts
